 Seeded DCSS version 0.29.1-15-g9cfb28693d (webtiles) character file.

Game seed: 16245865983455551772 (custom seed)

1119 bmack86 the Chopper (level 8, -5/70 HPs)
             Began as a Minotaur Fighter on Mar 2, 2023.
             Slain by an orc warrior
             ... wielding a +0 battleaxe
              (13 damage)
             ... on level 6 of the Dungeon.
             The game lasted 00:10:32 (4718 turns).

bmack86 the Chopper (Minotaur Fighter)              Turns: 4718, Time: 00:10:33

Health: -5/70      AC: 11    Str: 22    XL:     8   Next: 12%
Magic:  7/7        EV:  8    Int: 11    God:
Gold:   212        SH:  9    Dex:  9    Spells: 7/7 levels left

rFire   . . .      SeeInvis .   a - +1 war axe
rCold   + + .      Faith    +   x - +0 kite shield
rNeg    . . .      Spirit   .   b - +0 scale mail
rPois   +          Reflect  .   (helmet restricted)
rElec   +          Harm     .   (no cloak)
rCorr   .          Rampage  .   g - +3 pair of gloves of Enormous the Good {rElec rC+}
Will    +++..                   (no boots)
Stlth   +.........              e - amulet of Naefurgh {Faith *Corrode Will+++ Regen+ Slay+2}
HPRegen 1.01/turn               f - ring "Jacwebuz" {rPois rC+ Dex-2 Stlth+}
MPRegen 0.10/turn               k - +6 ring of intelligence

@: no status effects
A: horns 2, retaliatory headbutt
a: no special abilities


You were on level 6 of the Dungeon.
You visited 2 branches of the dungeon, and saw 7 of its levels.

You collected 250 gold pieces.
You spent 38 gold pieces at shops.

Inventory:

Hand Weapons
 a - a +1 war axe (weapon)
Missiles
 i - 6 poisoned darts (quivered)
 q - 2 curare-tipped darts
Armour
 b - a +0 scale mail (worn)
 c - a +0 buckler
 g - the +3 pair of gloves of Enormous the Good (worn) {rElec rC+}
   (You acquired it on level 1 of the Dungeon)

   rC:        It protects you from cold.
   rElec:     It insulates you from electricity.
 x - a +0 kite shield (worn)
Jewellery
 e - the amulet of Naefurgh (around neck) {Faith *Corrode Will+++ Regen+ Slay+2}
   (You acquired it on level 1 of the Dungeon)

   [amulet of faith]

   It allows you to gain divine favour quickly.
   Slay:      It affects your accuracy & damage with ranged weapons and melee
   (+2).
   Regen:     It increases your rate of health regeneration.
   *Corrode:  It may corrode you when you take damage.
   Will:      It greatly increases your willpower.
 f - the ring "Jacwebuz" (left hand) {rPois rC+ Dex-2 Stlth+}
   (You acquired it on level 1 of the Dungeon)

   [ring of protection from cold]

   Dex:       It affects your dexterity (-2).
   rC:        It protects you from cold.
   rPois:     It protects you from poison.
   Stlth:     It makes you more stealthy.
 k - a +6 ring of intelligence (right hand)
 l - a +6 ring of intelligence
 p - a ring of ice
 s - an amulet of regeneration
Wands
 u - a wand of roots (4)
Scrolls
 j - 4 scrolls of teleportation
 o - a scroll of summoning
Potions
 d - 2 potions of might
 h - 2 potions of flight
 m - a potion of berserk rage
 n - 2 potions of lignification
 r - a potion of brilliance
 w - 2 potions of curing
 z - a potion of heal wounds {unknown}


   Skills:
 + Level 5.9 Fighting
 * Level 7.0 Axes
 + Level 3.5 Throwing
 + Level 5.9 Armour
 + Level 5.9 Shields


You had 7 spell levels left.
You didn't know any spells.
Your spell library contained the following spells:

 Spells                   Type           Power      Damage    Failure   Level
 Sting                    Tmut/Pois      0%         1d3       94%         1
 Poisonous Vapours        Pois/Air       0%         N/A       98%         2
 Confusing Touch          Hex            0%         N/A       100%        3
 Olgreb's Toxic Radiance  Pois           0%         N/A       100%        4
 Yara's Violent Unravell  Hex/Tmut       0%         3d3       100%        5
 Enfeeble                 Hex            0%         N/A       100%        7
 Chain Lightning          Conj/Air       0%         N/A       100%        9
 Fire Storm               Conj/Fire      0%         5d1       100%        9
 Shatter                  Erth           0%         3d5*      100%        9


Dungeon Overview and Level Annotations

Branches:
Dungeon (6/15)             Temple (1/1) D:5

Altars:
Cheibriados
Dithmenos
Elyvilon
Fedhas
Gozag
Kikubaaqudgha
Makhleb
Nemelex Xobeh
Sif Muna
Trog
Uskayaw
Vehumet
Wu Jian
Yredelemnul
Zin
The Shining One

Shops:
D:3 [   D:4 *:[


Innate Abilities, Weirdness & Mutations

You have a pair of horns on your head.
You reflexively headbutt those who attack you in melee.


Message History

The adder bites you.
The orc warrior hits you with a +0 battleaxe!!
The orc shouts!
You hit the orc warrior but do no damage.
The orc warrior is moderately wounded.
You barely miss the adder.
You hear a shout!
The adder bites you but does no damage.
The orc warrior hits you with a +0 battleaxe!
You hit the orc warrior.
The orc warrior is heavily wounded.
You hit the adder. You block the adder's attack.
The orc warrior hits you with a +0 battleaxe!
The adder bites you but does no damage.
You closely miss the orc warrior. Your headbutt misses the orc warrior.
The orc warrior is heavily wounded.
You miss the adder. The adder barely misses you.
The orc warrior closely misses you. The adder barely misses you.
The orc warrior hits you with a +0 battleaxe!
* * * LOW HITPOINT WARNING * * *
The orc barely misses you.
You hit the orc warrior but do no damage.
The orc warrior is heavily wounded.
You closely miss the adder. You slash the orc!
You kill the orc!
The adder completely misses you. The orc warrior barely misses you.
The adder bites you but does no damage.
You slash the orc warrior!
The orc warrior is almost dead.
You barely miss the adder. The adder bites you but does no damage.
The orc warrior hits you but does no damage.
You block the adder's attack.
You closely miss the orc warrior.
The orc warrior is almost dead.
You barely miss the adder.
The orc warrior hits you with a +0 battleaxe!
* * * LOW HITPOINT WARNING * * *
You block the adder's attack.
The orc warrior hits you with a +0 battleaxe!
You die...

#.#.#.#..#
#.#.#....#
........# #
.......# #
#.#......#.#
#.#......#.##
#...))......#
#...)@o..#
###...)S).#####
...............
######..#######
#..# #.<# #..#
..... #..[...#


You could see an orc warrior and an adder.

Vanquished Creatures
  A black bear (D:5)
  An ogre (D:4)
  A centaur (D:5)
  A kobold brigand (D:6)
  A necrophage (D:4)
  2 scorpions
  An orc priest (D:3)
  2 hounds (D:5)
  An iron imp (D:4)
  Jessica (D:2)
  An iguana (D:4)
  2 orc wizards (D:3)
  Natasha (thrice) (D:3)
  A hound skeleton (D:4)
  2 adders
  A white imp (D:5)
  6 orcs
  6 ball pythons
  3 bats
  8 endoplasms
  A giant cockroach (D:4)
  5 goblins
  8 hobgoblins
  12 kobolds
  4 quokkas
  3 frilled lizards
  7 rats
85 creatures vanquished.

Vanquished Creatures (collateral kills)
  Sigmund (D:5)
  A scorpion (D:5)
  A dart slug (D:5)
3 creatures vanquished.

Vanquished Creatures (others)
  2 plants (D:3)
2 creatures vanquished.

Grand Total: 90 creatures vanquished

Notes
Turn   | Place    | Note
-------+----------+-------------------------------------------
     0 | D:1      | bmack86 the Minotaur Fighter began the quest for the Orb.
     0 | D:1      | Reached XP level 1. HP: 19/19 MP: 0/0
    71 | D:1      | Identified 3 scrolls of acquirement
    71 | D:1      | Acquired the ring "Jacwebuz" {rPois rC+ Dex-2 Stlth+}
    74 | D:1      | Acquired the +3 pair of gloves of Enormous the Good {rElec
                  | rC+}
    81 | D:1      | Acquired the amulet of Naefurgh {Faith *Corrode Will+++
                  | Regen+ Slay+2}
   172 | D:1      | Found a faded altar of an unknown god.
   195 | D:1      | Reached XP level 2. HP: 25/27 MP: 1/1
   523 | D:1      | Reached skill level 3 in Axes
   989 | D:2      | Reached XP level 3. HP: 33/33 MP: 2/2
  1028 | D:2      | Noticed Jessica
  1038 | D:2      | Killed Jessica
  1039 | D:2      | Reached skill level 1 in Throwing
  1615 | D:3      | You fall into a shaft and drop 1 floor!
  1615 | D:4      | Found Tuuwolaw's General Store.
  1621 | D:4      | Noticed a scorpion
  1625 | D:4      | Killed a scorpion
  1626 | D:4      | Reached skill level 4 in Axes
  1626 | D:4      | Reached XP level 4. HP: 40/40 MP: 3/3
  1630 | D:4      | Bought 2 curare-tipped darts for 14 gold pieces
  1630 | D:4      | Bought a scroll of identify for 24 gold pieces
  1648 | D:4      | Found a snail-covered altar of Cheibriados.
  1657 | D:4      | Reached XP level 5. HP: 40/47 MP: 4/4
  1776 | D:3      | Found Ymmy Ciutu's Antique Armour Shoppe.
  1919 | D:3      | Noticed Natasha
  1924 | D:3      | Killed Natasha
  1925 | D:3      | Reached XP level 6. HP: 47/53 MP: 5/5
  2358 | D:3      | Noticed Natasha
  2365 | D:3      | Killed Natasha
  2366 | D:3      | Reached skill level 5 in Axes
  2466 | D:3      | Noticed Natasha
  2472 | D:3      | Killed Natasha
  2549 | D:4      | Found Gamycsypi's Antique Armour Boutique.
  2576 | D:4      | Reached skill level 5 in Shields
  2626 | D:4      | Found a burning altar of Makhleb.
  2629 | D:4      | Reached skill level 5 in Armour
  2637 | D:4      | Reached skill level 5 in Fighting
  2667 | D:4      | Found a shadowy altar of Dithmenos.
  2953 | D:4      | Reached XP level 7. HP: 50/61 MP: 6/6
  3035 | D:4      | Found Koenoidu's Book Boutique.
  3188 | D:5      | Entered Level 5 of the Dungeon
  3193 | D:5      | Noticed Sigmund
  3209 | D:5      | Killed Sigmund
  3210 | D:5      | Reached skill level 6 in Axes
  3517 | D:5      | Found a glowing silver altar of Zin.
  3687 | D:5      | Reached XP level 8. HP: 70/70 MP: 7/7
  3828 | D:5      | Found a staircase to the Ecumenical Temple.
  3840 | Temple   | Entered the Ecumenical Temple
  4711 | D:6      | Reached skill level 7 in Axes
  4718 | D:6      | Slain by an orc warrior

Illustrated notes

Levels and vault maps discovered:
D:1:      minmay_arrival_hallway, layout_loops_corners, basic_ecumenical_altar,
          minmay_unequal
D:2:      layout_loops_ring, uniq_jessica
D:3:      layout_basic, serial_shops, nicolae_shop_advertising_works
          [nicolae_subvault_shop_adworks], minmay_shallow_snake_nest,
          uniq_natasha
D:4:      layout_rooms, grunt_dithmenos_smoke_and_mirrors,
          makhleb_blood_cavern_becter, slow_altar_1, serial_shops,
          nicolae_square_shop, nicolae_shop_temple_entry_statues_fountains,
          kennysheep_mini_moat, chequers_serial_rivers_large_a,
          minmay_fractal_squares_gapless_5
D:5:      layout_layer_cave, mainiacjoe_overflow_cross_hatched,
          lemuel_temple_firewalk_b, uniq_sigmund
D:6:      layout_basic
Temple:   nicolae_temple_bog_church

Skill      XL: |  1  2  3  4  5  6  7  8 |
---------------+-------------------------+-----
Axes           | 3 4 5 6 7 |  7.0
Armour         | 4 5 |  5.9
Fighting       | 4 5 |  5.9
Throwing       | 1 2 3 |  3.5
Shields        | 4 5 |  5.9

Action                   |  1- 3 |  4- 6 |  7- 9 || total
-------------------------+-------+-------+-------++-------
Melee: War axe           |    60 |    82 |    45 ||   187
       Headbutt          |     6 |    18 |     5 ||    29
  Use: Scroll            |     4 |     4 |     7 ||    15
Armor: Scale mail        |    35 |    48 |    57 ||   140
Dodge: Dodged            |    35 |    25 |    34 ||    94
Block: Buckler           |    10 |    20 |       ||    30
       Kite shield       |       |     3 |    45 ||    48
